 Dungeon Crawl Stone Soup version 0.27-a0-103-g6cd7b45605 (webtiles) character file.

Game seed: 6581238178240421941

350 kae the Ruffian (level 6, 0/57 HPs)
             Began as a Troll Transmuter on Jan 22, 2021.
             Killed from afar by Maggie (30 damage)
             ... with a bolt of fire
             ... on level 6 of the Dungeon.
             The game lasted 00:02:24 (3339 turns).

kae the Ruffian (Troll Transmuter)                  Turns: 3339, Time: 00:02:25

Health: 0/57       AC:  8    Str: 21    XL:     6   Next: 33%
Magic:  8/8        EV: 10    Int:  9    God:
Gold:   157        SH:  0    Dex: 10    Spells: 8/9 levels left

rFire    . . .     SeeInvis .     - Unarmed
rCold    + . .     Faith    .   (no shield)
rNeg     . . .     Spirit   .   n - +2 robe {rC+}
rPois    .         Reflect  .   (helmet currently unavailable)
rElec    .         Harm     .   (no cloak)
rCorr    .         Rampage  .   (gloves unavailable)
Will     .....                  (boots unavailable)
Stlth    +.........             g - amulet of magic regeneration
HPRegen  0.59/turn              (no ring)
MPRegen  0.36/turn              (no ring)

@: appendages (expiring), attractive, mesmerised, hasted, very quick
A: large, unfitting armour, claws 3, horns 2, talons 2, regeneration 1, shaggy
fur 1, tough skin 3
a: End Transformation


You were on level 6 of the Dungeon.
You had grown temporary horns.
You had grown temporary talons.
You visited 1 branch of the dungeon, and saw 6 of its levels.
You also visited: Sewer.

You collected 157 gold pieces.

Inventory:

Armour
 n - a +2 robe of cold resistance (worn)
Jewellery
 g - an amulet of magic regeneration (around neck)
Scrolls
 a - 2 scrolls of remove curse
 b - a scroll of enchant weapon {unknown}
 j - 4 scrolls of teleportation
 t - a scroll of fear
Potions
 c - 2 potions of degeneration
 d - 2 potions of brilliance {unknown}
 f - 5 potions of curing
 h - 2 potions of flight {unknown}
 l - a potion of mutation
 m - a potion of cancellation
 p - a potion of magic
 q - a potion of haste


   Skills:
 + Level 2.1 Fighting
 + Level 2.7 Dodging
 * Level 4.9 Unarmed Combat
 - Level 2.0 Spellcasting
 + Level 2.3 Transmutations


You had 8 spell levels left.
You knew the following spells:

 Your Spells              Type           Power        Failure   Level
a - Beastly Appendage     Tmut           10%          13%         1

Your spell library contained the following spells:

 Spells                   Type           Power        Failure   Level
 Wereblood                Tmut           5%           21%         2
 Spider Form              Tmut/Pois      1%           54%         3
 Ice Form                 Ice/Tmut       2%           91%         4
 Blade Hands              Tmut           2%           98%         5


Dungeon Overview and Level Annotations

Branches:
Dungeon (7/15)              Sewer (visited)
 Temple: D:4-7

Altars:
Gozag

Annotations:
D:6 Maggie


Innate Abilities, Weirdness & Mutations

You are too large for most types of armour.
You have claws for hands.
Your natural rate of healing is unusually fast.
You are covered in fur. (AC +1)
You have extremely tough skin. (AC +3)
You have a pair of horns on your head.
You have razor-sharp toenails.


Message History

You closely miss Maggie. Your kick misses Maggie.
Maggie is heavily wounded.
You scratch Maggie but do no damage. Your headbutt misses Maggie.
Maggie is heavily wounded.
Maggie hits you with a +0 vorpal broad axe!
You claw Maggie! You claw Maggie, but do no damage.
Your headbutt misses Maggie.
Maggie is severely wounded.
You scratch Maggie but do no damage. You claw Maggie, but do no damage.
Your headbutt misses Maggie.
Maggie is severely wounded.
Maggie hits you with a +0 vorpal broad axe.
You scratch Maggie but do no damage. You headbutt Maggie.
Maggie is severely wounded.
You claw Maggie! Your kick misses Maggie.
Maggie is almost dead.
Maggie casts a spell at you. The bolt of fire hits you!!
Ouch! That really hurt!
You die...

......# ..#
.....#.... #.
..####.... .
.###..... .
.###... #.
#....# #.##@..#
###...@..####
#...........#
....##.>.#.....
.## #...# ##..
##..# . #.##
#.# #.# #.#


You could see Maggie (mesmerising).

Vanquished Creatures
  Sigmund (D:2)
  A lemure (D:7)
  Robin (D:2)
  8 adders
  3 shadow imps
  2 worms (D:2)
  A dart slug (D:1)
  2 leopard geckos
  An orc (D:4)
  10 goblins
  11 hobgoblins
  11 jackals
  A quokka (D:3)
  4 ball pythons
  4 bats
  6 frilled lizards
  12 kobolds
  4 rats
83 creatures vanquished.

Vanquished Creatures (others)
  14 plants (Sewer)
14 creatures vanquished.

Grand Total: 97 creatures vanquished

Notes
Turn   | Place    | Note
-------+----------+-------------------------------------------
     0 | D:1      | kae the Troll Transmuter began the quest for the Orb.
     0 | D:1      | Reached XP level 1. HP: 18/18 MP: 1/1
   176 | D:1      | Reached XP level 2. HP: 26/26 MP: 3/3
   183 | D:1      | Reached skill level 1 in Fighting
   498 | D:2      | Reached XP level 3. HP: 26/33 MP: 2/4
   555 | D:2      | Found an opulent altar of Gozag.
   652 | D:2      | Noticed Sigmund
   661 | D:2      | Killed Sigmund
   662 | D:2      | Reached skill level 4 in Unarmed Combat
   662 | D:2      | Reached XP level 4. HP: 33/42 MP: 3/5
   662 | D:2      | Reached XP level 5. HP: 39/49 MP: 3/6
   695 | D:2      | You fall into a shaft and drop 1 floor!
  1189 | D:2      | Noticed Robin
  1199 | D:2      | Killed Robin
  1200 | D:2      | Reached XP level 6. HP: 55/57 MP: 7/7
  1433 | D:3      | Found a glowing drain.
  1442 | Sewer    | Entered a sewer
  3054 | D:4      | You fall into a shaft and drop 3 floors!
  3317 | D:6      | Noticed Maggie
  3339 | D:6      | Killed from afar by Maggie

Illustrated notes

Levels and vault maps discovered:
D:1:      dpeg_arrival_rooms_c, layout_rooms
D:2:      layout_loops_ring, grunt_gozag_breadcrumbs, uniq_sigmund, uniq_robin
D:3:      layout_loops_ring, portal_sewer_entry_d, minmay_misc_feat_plants,
          grunt_decor_fettered
D:4:      layout_loops_corners, lemuel_coloured_pillars_altar, serial_shops,
          shop
D:6:      layout_layer_cave, slow_altar_1, basic_altar, doesnt_xom_only_xom,
          uniq_maggie, uniq_duvessa
D:7:      layout_cave_pods, minmay_shop_grid_forest, uniq_pikel, uniq_menkaure

Skill      XL: |  1  2  3  4  5  6 |
---------------+-------------------+-----
Fighting       | 1 2 |  2.1
Dodging        | 2 |  2.7
Unarmed Combat | 4 |  4.9
Transmutations | 2 |  2.3
Spellcasting   | 2 |  2.0

Action                   |  1- 3 |  4- 6 || total
-------------------------+-------+-------++-------
Melee: Unarmed           |    65 |   176 ||   241
       Kick              |     2 |    23 ||    25
       Headbutt          |     1 |    15 ||    16
       Punch             |       |     1 ||     1
 Cast: Beastly Appendage |     7 |    28 ||    35
  Use: Scroll            |       |    13 ||    13
       Potion            |       |     4 ||     4
Armor: Robe              |    27 |    64 ||    91
Dodge: Dodged            |    36 |    93 ||   129

Table legend: (Time is in decaauts)
 A = Elapsed time spent in this place.
 B = Non-inter-level travel time spent in this place.
 C = Inter-level travel time spent in this place.
 D = Time resting spent in this place.
 E = Time spent auto-exploring this place.
 F = Levels seen in this place.
 G = Mean time per level.
                   A        B        C        D        E       F      G
               +--------+--------+--------+--------+--------+-----+--------+
         Total |   3490 |   3405 |     85 |    517 |   2237 |   7 |  498.6 |
       Dungeon |   2598 |   2513 |     85 |    506 |   1542 |   6 |  433.0 |
         Sewer |    892 |    892 |      0 |     11 |    695 |   1 |  892.0 |
               +--------+--------+--------+--------+--------+-----+--------+

Top non-repeatable levels by time:
     D:3: 1122 daAuts
   Sewer: 892 daAuts
     D:2: 739 daAuts
     D:1: 388 daAuts
     D:7: 261 daAuts
     D:4: 69 daAuts
     D:6: 17 daAuts
